 Dungeon Crawl Stone Soup version 0.14-a0-2381-g4cacdb4 (webtiles) character file.

7394 RedPan the Bludgeoner (level 11, -2/67 HPs)
             Began as a Gargoyle Fighter on Feb 2, 2014.
             Was a Believer of Okawaru.
             Succumbed to a manticore's barbed spikes
             ... on Level 10 of the Dungeon.
             The game lasted 00:31:05 (9493 turns).

RedPan the Bludgeoner (Gargoyle Fighter)            Turns: 9493, Time: 00:31:05

HP  -2/67        AC 24     Str 22      XL: 11   Next:  6%
MP  11/11        EV  3     Int 14      God: Okawaru [**....]
Gold 533         SH 18     Dex  9      Spells:  0 memorised, 10 levels left

rFire  + . .     SeeInvis .     w - +2,+1 whip (elec)
rCold  . . .     Clarity  .     K - +0 orc plate armour
rNeg   + + .     Conserve .     c - +0 shield
rPois  +         rCorr    .     h - +2 dwarf helmet
rElec  +         rRot     +     (no cloak)
SustAb . .       Spirit   .     (no gloves)
rMut   .         Warding  +     (no boots)
Saprov . . .     Stasis   .     N - amulet of warding
MR     .....                    P - ring of protection from fire
                                z - +4 ring of intelligence

@: not resistant to hostile enchantments, extremely unstealthy
A: life protection 1, electricity resistance, unbreathing, petrification
resistance, AC +7
a: Heroism, Renounce Religion


You were on level 10 of the Dungeon.
You worshipped Okawaru.
Okawaru was pleased with you.
You were not hungry.

You visited 2 branches of the dungeon, and saw 11 of its levels.
You also visited: Ossuary.

You collected 615 gold pieces.
You spent 82 gold pieces at shops.

Inventory:

Hand weapons
 g - a +2,+2 flail of protection
 w - a +2,+1 whip of electrocution (weapon)
Armour
 c - a +0 shield (worn)
 h - a +2 dwarven helmet (worn)
 K - a +0 orcish plate armour (worn)
Magical devices
 D - a wand of paralysis (3)
 O - a wand of fireball (0)
 Q - a wand of random effects (7)
 T - a wand of slowing (13)
 Z - a wand of disintegration (5)
Comestibles
 a - an apple
 d - 10 bread rations
 o - 3 chokos
 s - 6 meat rations
 u - 2 pears
 Y - a slice of pizza
Scrolls
 e - 2 scrolls of teleportation
 j - 3 scrolls of amnesia
 k - 3 scrolls of enchant weapon I
 q - 3 scrolls of remove curse
 x - 2 scrolls of enchant weapon II {unknown}
 A - a scroll of fog {unknown}
 B - a scroll of immolation {unknown}
 H - a scroll of noise {unknown}
 L - 3 scrolls of identify
 M - a scroll of magic mapping {unknown}
 R - a scroll of curse jewellery {unknown}
 V - a scroll of enchant armour
Jewellery
 m - an uncursed amulet of faith {unknown}
 z - a +4 ring of intelligence (left hand)
 N - an amulet of warding (around neck)
 P - a ring of protection from fire (right hand)
Potions
 b - a potion of speed {unknown}
 f - a potion of porridge
 i - 3 potions of poison {unknown}
 l - a potion of agility {unknown}
 n - 3 potions of restore abilities {unknown}
 p - 2 potions of flight {unknown}
 r - 2 potions of magic {unknown}
 t - a potion of cure mutation {unknown}
 v - 4 potions of might
 C - 8 potions of curing
 E - a potion of resistance {unknown}
 F - a potion of brilliance {unknown}
 G - a potion of heal wounds
 I - a potion of invisibility {unknown}
 S - 8 potions of confusion {unknown}
 U - a potion of mutation {unknown}
 W - 4 potions of paralysis {unknown}
 X - 2 potions of degeneration {unknown}
Books
 y - a book of Wizardry

   Spells                             Type                      Level
   Summon Elemental                   Summoning                    4
   Agony                              Necromancy                   5
   Force Lance                        Conjuration                  5
   Fireball                           Conjuration/Fire             5
   Haste                              Charms                       6
   Invisibility                       Hexes                        6
 J - a book of the Sky

   Spells                             Type                      Level
   Flight                             Charms/Air                   3
   Airstrike                          Air                          4
   Silence                            Hexes/Air                    5
   Deflect Missiles                   Charms/Air                   6
   Conjure Ball Lightning             Conjuration/Air              6
   Tornado                            Air                          9


   Skills:
 + Level 7.3 Fighting
 - Level 15.0 Maces & Flails
 + Level 7.1 Armour
 - Level 3.2 Shields


You had 10 spell levels left.
You didn't know any spells.

Dungeon Overview and Level Annotations

Branches:
Dungeon (10/16)            Temple (1/1) D:4             Orc (0/4) D:9
   Lair: D:8-11

Altars:
Ashenzari
Cheibriados
Dithmengos
Elyvilon
Fedhas
Kikubaaqudgha
Makhleb
Nemelex Xobeh
Okawaru
Sif Muna
Trog
Vehumet
Xom
Yredelemnul
Zin
The Shining One

Shops:
D:7 :   D:10 ?


Innate Abilities, Weirdness & Mutations

You are resistant to torment.
You are immune to poison.
Your stone body is very resilient (AC +7).
You resist negative energy.
You are resistant to electric shocks.
You can survive without breathing.
You are immune to petrification.


Message History

The manticore claws you but does no damage.
The manticore claws you.
You hit the manticore.
You kill the manticore!
Okawaru accepts your kill.
No target in view!
No target in view!
* * * LOW HITPOINT WARNING * * *
G - 2 potions of heal wounds (gained 1)
* * * LOW HITPOINT WARNING * * *
* * * LOW HITPOINT WARNING * * *
* * * LOW HITPOINT WARNING * * *
* * * LOW HITPOINT WARNING * * *
There is an open door here.
Drink which item? (? for menu, Esc to quit)
You feel much better.
* * * LOW HITPOINT WARNING * * *
* * * LOW HITPOINT WARNING * * *
* * * LOW HITPOINT WARNING * * *
You die...

#.........# #.....)...#
'.........# #.........#
#.........# #.....#'######
######+###
####+##......######.........
####.##......##...'.........
......#....>.+..@##..........
####..'......###.##..........
####..#......# #.##........(.
......#......# #.##.%........
####.##......# #.##.........
#.######+## #.#####+####+#
#........# #.# ##.####.#
####..#####.# #.# #.......#
......# #.####.####.#.###.#


There were no monsters in sight!

Vanquished Creatures
  The ghost of wojtek the Slicer, an experienced KoAs of Dithmengos (D:8)
  An octopode (D:10)
  A centaur zombie (D:10)
  The ghost of letownia the Firebug, an experienced DjFE of Makhleb (D:5)
  2 trolls
  A spriggan (D:7)
  The ghost of Moksha the Cudgeler, an average DjDK of Yredelemnul (Ossuary)
  A wraith (D:10)
  A hungry ghost (D:7)
  Eustachio (D:9)
  A wyvern (D:8)
  A manticore (D:10)
  2 sharks (D:10)
  A hippogriff (D:7)
  2 orc warriors
  A swamp drake (D:9)
  An ice beast (D:8)
  An ogre (D:9)
  A phantom (D:8)
  A sky beast (D:8)
  A black bear (D:8)
  Blork the orc (D:5)
  3 giant frogs
  2 lava worms (D:10)
  A water moccasin (D:3)
  12 wights
  2 electric eels (D:10)
  A jellyfish (D:10)
  A lava snake (D:10)
  2 big fish (D:10)
  2 goliath beetles
  4 hounds
  An iguana (D:8)
  7 orc priests
  6 crimson imps
  A giant frog skeleton (D:5)
  3 scorpions
  2 centaur skeletons (D:8)
  9 orc wizards
  4 worker ants
  3 killer bee zombies
  Ijyb (D:3)
  An ogre zombie (D:8)
  A big kobold zombie (Ossuary)
  2 mummies (Ossuary)
  7 gnolls
  9 adders
  2 inept feature mimics
  A giant mite (D:7)
  4 worms
  4 adder zombies (Ossuary)
  2 giant eyeballs (D:10)
  An ooze (D:4)
  43 orcs
  A bat skeleton (D:5)
  8 giant cockroaches
  14 hobgoblins
  12 kobolds
  9 quokkas
  2 ball pythons
  5 bats
  9 giant geckos
  2 giant newts
  4 gnoll zombies (Ossuary)
  7 goblins
  A goblin zombie (D:5)
  4 hobgoblin zombies (Ossuary)
  18 jackals
  A kobold skeleton (D:8)
  4 kobold zombies (Ossuary)
  8 orc zombies (Ossuary)
  A quokka skeleton (D:5)
  10 rats
  A rat skeleton (D:6)
290 creatures vanquished.

Vanquished Creatures (others)
  An electric eel (D:10)
1 creature vanquished.

Grand Total: 291 creatures vanquished

Notes
Turn   | Place    | Note
--------------------------------------------------------------
     0 | D:1      | RedPan, the Gargoyle Fighter, began the quest for the Orb.
     0 | D:1      | Reached XP level 1. HP: 14/14 MP: 1/1
   331 | D:1      | Reached XP level 2. HP: 19/19 MP: 2/2
   738 | D:2      | Reached XP level 3. HP: 21/23 MP: 3/3
   784 | D:2      | Reached skill level 4 in Maces & Flails
   914 | D:2      | Found a white marble altar of Elyvilon.
  1147 | D:3      | Reached XP level 4. HP: 23/28 MP: 4/4
  1162 | D:3      | Reached skill level 5 in Maces & Flails
  1441 | D:3      | Noticed a water moccasin
  1450 | D:3      | Killed a water moccasin
  1450 | D:3      | Reached skill level 6 in Maces & Flails
  1450 | D:3      | Reached XP level 5. HP: 28/32 MP: 5/5
  1682 | D:3      | Noticed Ijyb
  1689 | D:3      | Killed Ijyb
  1967 | D:3      | Reached XP level 6. HP: 27/37 MP: 6/6
  2058 | D:3      | Reached skill level 7 in Maces & Flails
  2290 | D:4      | Found a staircase to the Ecumenical Temple.
  2314 | Temple   | Entered the Ecumenical Temple
  3115 | D:4      | Reached skill level 8 in Maces & Flails
  3115 | D:4      | Reached XP level 7. HP: 11/41 MP: 7/7
  3409 | D:5      | Entered Level 5 of the Dungeon
  3426 | D:5      | Noticed letownia's ghost (experienced DjFE)
  3445 | D:5      | Killed letownia's ghost
  3445 | D:5      | Reached skill level 9 in Maces & Flails
  3552 | D:5      | Noticed Blork the orc
  3578 | D:5      | Killed Blork the orc
  3578 | D:5      | Reached XP level 8. HP: 31/46 MP: 8/8
  3646 | D:5      | Found an ancient bone altar of Kikubaaqudgha.
  3843 | D:5      | Reached skill level 10 in Maces & Flails
  3876 | D:5      | Found a sand-covered staircase.
  3885 | Ossuary  | Entered an ossuary
  3885 | Ossuary  | Noticed Moksha's ghost (average DjDK)
  4128 | Ossuary  | Killed Moksha's ghost
  4411 | D:6      | Reached skill level 11 in Maces & Flails
  5279 | D:7      | Found Zajitegukh's Book Boutique.
  5343 | D:7      | Reached skill level 12 in Maces & Flails
  5343 | D:7      | Reached XP level 9. HP: 42/51 MP: 9/9
  5629 | D:7      | Noticed a spriggan baker
  5631 | D:7      | Killed a spriggan baker
  5799 | D:8      | Reached skill level 13 in Maces & Flails
  6515 | D:8      | Found a shadowy altar of Dithmengos.
  6777 | D:8      | Reached skill level 14 in Maces & Flails
  6807 | D:8      | Noticed wojtek's ghost (experienced KoAs)
  6823 | D:8      | Killed wojtek's ghost
  6823 | D:8      | Reached XP level 10. HP: 50/56 MP: 10/10
  6974 | D:8      | Reached skill level 15 in Maces & Flails
  7136 | D:9      | Found an iron altar of Okawaru.
  7153 | D:9      | Became a worshipper of Warmaster Okawaru
  7273 | D:9      | Noticed Eustachio
  7285 | D:9      | Killed Eustachio
  7648 | D:9      | Found a staircase to the Orcish Mines.
  7672 | D:9      | Reached skill level 5 in Fighting
  7856 | D:9      | Reached skill level 5 in Armour
  8218 | D:10     | Entered Level 10 of the Dungeon
  8431 | D:10     | Found Yhalaasa's Magic Scroll Shop.
  8440 | D:10     | Bought a scroll of enchant armour for 82 gold pieces
  8488 | D:10     | Acquired Okawaru's first power
  8642 | D:10     | Noticed an octopode
  8652 | D:10     | Killed an octopode
  9302 | D:10     | Reached XP level 11. HP: 64/67 MP: 11/11
  9488 | D:10     | HP: 2/67 [barbs]
  9493 | D:10     | Succumbed to a manticore's barbed spikes

Action                   |  1- 3 |  4- 6 |  7- 9 | 10-12 || total
-------------------------+-------+-------+-------+-------++-------
Melee: Mace              |   138 |    37 |       |       ||   175
       Whip              |       |   199 |   518 |   336 ||  1053
       Flail             |       |     1 |       |       ||     1
Evoke: Wand              |       |     1 |     2 |     2 ||     5
  Use: Potion            |       |     1 |     3 |     2 ||     6
       Scroll            |       |       |     6 |       ||     6
 Stab: Paralysed         |       |     1 |       |       ||     1
